 Dungeon Crawl Stone Soup version 0.19-a0-1878-gcbc8a98 (webtiles) character file.

2384 sleepydude the Skirmisher (level 9, -3/106 HPs)
             Began as a Demonspawn Berserker on Oct 13, 2016.
             Was an Elder of Trog.
             Slain by an orc (4 damage)
             ... on level 7 of the Dungeon.
             The game lasted 00:16:02 (5886 turns).

sleepydude the Skirmisher (Demonspawn Berserker)    Turns: 5886, Time: 00:16:03

Health: -3/106     AC: 16    Str: 26    XL:     9   Next: 22%
Magic:  9/9        EV: 12    Int:  8    God:    Trog [****..]
Gold:   242        SH:  0    Dex: 16    Spells: 0 memorised, 8 levels left

rFire  . . .     SeeInvis .       - Unarmed
rCold  + . .     Gourm    .     o - +0 chain mail
rNeg   . . .     Faith    .     (no shield)
rPois  .         Spirit   .     l - +0 helmet
rElec  .         Dismiss  .     h - +2 cloak
rCorr  +         Reflect  .     (gloves unavailable)
MR     .....     Harm     .     (no boots)
Stlth  ..........               (no amulet)
                                j - +3 ring of dexterity
                                m - ring of resist corrosion

@: berserking (expiring), very quick
A: claws 3, slimy green scales 1, cold resistance 1
a: Berserk, Trog's Hand, Brothers in Arms, Burn Spellbooks, Renounce Religion


You were on level 7 of the Dungeon.
You worshipped Trog.
Trog was greatly pleased with you.
You were near starving.

You visited 1 branch of the dungeon, and saw 6 of its levels.

You collected 242 gold pieces.

Inventory:

Hand Weapons
 d - a +0 mace
Armour
 h - a +2 cloak (worn)
 l - a +0 helmet (worn)
 o - a +0 chain mail (worn)
Jewellery
 j - a +3 ring of dexterity (right claw)
 m - a ring of resist corrosion (left claw)
Scrolls
 e - a scroll of remove curse
 f - a scroll of amnesia
 i - 2 scrolls of identify
 p - a scroll of summoning {unknown}
 s - a scroll of fear {unknown}
Potions
 g - a potion of degeneration {unknown}
 k - a potion of curing
 n - a potion of heal wounds {unknown}
 q - 2 potions of flight
Comestibles
 a - a beef jerky
 b - 2 meat rations
 c - 5 bread rations
 r - 4 fruits


   Skills:
 + Level 6.6 Fighting
   Level 2.8 Axes
 + Level 5.7 Armour
 + Level 5.5 Dodging
 * Level 6.2 Unarmed Combat


You had 8 spell levels left.
You didn't know any spells.

Dungeon Overview and Level Annotations

Branches:
Dungeon (7/15)
 Temple: D:4-7

Altars:
Dithmenos
Hepliaklqana
Yredelemnul
The Shining One


Innate Abilities, Weirdness & Mutations

You have claws for hands.
You are partially covered in slimy green scales. (AC +2)
Your flesh is cold resistant. (rC+)


Message History

The orc hits you but does no damage.
The orc knight hits you with a great mace of holy wrath!
* * * LOW HITPOINT WARNING * * *
You convulse!
* * * LOW HITPOINT WARNING * * *
The orc completely misses you.
You are too berserk!
You are too berserk!
You mangle the orc knight!!
You kill the orc knight!
Trog accepts your kill.
Your Unarmed Combat skill increases to level 6!
You have reached level 9!
Your experience leads to an increase in your attributes!
Your base attributes are Str 20, Int 8, Dex 13.
Increase (S)trength, (I)ntelligence, or (D)exterity?
You feel stronger. The orc hits you but does no damage.
You barely miss the orc. The orc hits you.
You die...

...#
......##.####............
...#
.......#....#....).......
...# #.#.##.###.....###..
...# #.#.##.# #.....# . ...#
#.#....# #.....# ...#
#...#..###..[..# ####
#######...#.......รท..#
#........)#)####.....#
#.######.@oo.........# #.#
#..o#...#......# ###.##
#.)>#...#......#####
#....########...#...........
#....'....).#.....##........
#....######.#.#.####........
#.........#.#.#.............
#.........#.#.######........
### ###.......#.#.#
#.#......


You could see 3 orcs.

Vanquished Creatures
  An orc knight (D:7)
  Prince Ribbit (D:6)
  5 wargs (D:7)
  3 orc warriors
  A phantom (D:7)
  A centaur (D:6)
  A gnoll sergeant (D:7)
  Dowan (D:4)
  A centaur zombie (D:6)
  2 hounds
  A jelly (D:6)
  An orc priest (D:7)
  A bullfrog skeleton (D:6)
  An iguana (D:7)
  2 orc wizards
  3 worker ants
  A hound zombie (D:7)
  Robin (D:2)
  5 gnolls
  5 adders
  A shadow imp (D:4)
  2 worms (D:2)
  3 dart slugs
  2 leopard geckos
  22 orcs
  2 ball pythons
  12 goblins
  10 hobgoblins
  4 jackals (D:6)
  2 quokkas (D:6)
  5 bats
  3 frilled lizards
  6 kobolds
  5 rats
117 creatures vanquished.

Vanquished Creatures (others)
  3 plants (D:7)
3 creatures vanquished.

Grand Total: 120 creatures vanquished

Notes
Turn   | Place    | Note
-------+----------+-------------------------------------------
     0 | D:1      | sleepydude the Demonspawn Berserker began the quest for the Orb.
     0 | D:1      | Reached XP level 1. HP: 18/18 MP: 1/1
   375 | D:1      | Gained mutation: You have sharp fingernails. [demonic ancestry]
   375 | D:1      | Reached XP level 2. HP: 24/24 MP: 2/2
   851 | D:1      | Gained mutation: You have very sharp fingernails. [demonic ancestry]
   851 | D:1      | Reached XP level 3. HP: 15/29 MP: 3/3
  1282 | D:2      | Found a glowing golden altar of the Shining One.
  1413 | D:2      | HP: 1/29 [worm (11)]
  1938 | D:2      | Found a basalt altar of Yredelemnul.
  2060 | D:2      | Found a hazy altar of Hepliaklqana.
  2257 | D:2      | Reached ** piety under Trog
  2259 | D:2      | Noticed Robin
  2265 | D:2      | Killed Robin
  2265 | D:2      | Gained mutation: You are partially covered in slimy green scales. (AC +2) [demonic ancestry]
  2265 | D:2      | Reached XP level 4. HP: 36/36 MP: 4/4
  3183 | D:4      | Noticed Dowan
  3196 | D:4      | Killed Dowan
  3196 | D:4      | Reached skill level 1 in Unarmed Combat
  3241 | D:4      | Found a shadowy altar of Dithmenos.
  3252 | D:4      | Gained mutation: You have claws for hands. [demonic ancestry]
  3252 | D:4      | Reached XP level 5. HP: 42/42 MP: 5/5
  3359 | D:4      | You fall through a shaft for 3 floors!
  3378 | D:7      | Noticed a warg
  3378 | D:7      | Noticed a warg
  3395 | D:7      | Killed a warg
  3395 | D:7      | Reached XP level 6. HP: 48/48 MP: 6/6
  3402 | D:7      | Killed a warg
  3499 | D:6      | Noticed Prince Ribbit
  3516 | D:6      | Killed Prince Ribbit
  3516 | D:6      | Reached skill level 5 in Fighting
  3516 | D:6      | Reached XP level 7. HP: 56/56 MP: 7/7
  3522 | D:6      | Reached *** piety under Trog
  4565 | D:6      | Gained mutation: Your flesh is cold resistant. (rC+) [demonic ancestry]
  4565 | D:6      | Reached XP level 8. HP: 63/63 MP: 8/8
  5263 | D:7      | Reached skill level 5 in Armour
  5282 | D:7      | Reached skill level 5 in Unarmed Combat
  5357 | D:7      | Reached skill level 5 in Dodging
  5808 | D:7      | Reached **** piety under Trog
  5845 | D:7      | Noticed an orc knight
  5884 | D:7      | HP: 1/97 [orc knight/great mace of holy wrath (12)]
  5885 | D:7      | Killed an orc knight
  5885 | D:7      | Reached XP level 9. HP: 1/71 MP: 9/9
  5886 | D:7      | Slain by an orc

Vault maps used:
D:1:      minmay_arrival_four_loops, minmay_crystal_room
D:2:      lemuel_doored_altar, old_standard_altar, grunt_ministairs_9,
          tso_metal_star, uniq_robin
D:3:      minmay_misc_feat_x, serial_bayou_pond_c
D:4:      grunt_dithmenos_shadows, uniq_pikel, uniq_duvessa
D:6:      due_unseen_surprise, uniq_prince_ribbit1
D:7:      lemuel_castle_with_subvaults, gammafunk_temple_overflow_wave

Skill      XL: |  1  2  3  4  5  6  7  8 |
---------------+-------------------------+-----
Armour         | 2 3 4 5 |  5.7
Dodging        | 2 3 4 5 |  5.5
Unarmed Combat | 1 2 3 6 |  6.2
Fighting       | 4 5 6 |  6.6
Axes           | |  2.8

Action                   |  1- 3 |  4- 6 |  7- 9 || total
-------------------------+-------+-------+-------++-------
Melee: Hand axe          |    11 |       |       ||    11
       Unarmed           |   115 |    98 |   215 ||   428
       Punch             |       |       |     5 ||     5
Invok: Berserk           |     1 |     3 |     5 ||     9
  Use: Potion            |     1 |       |     2 ||     3
       Scroll            |       |     2 |     2 ||     4
  Eat: Chunk             |     1 |     4 |    11 ||    16
       Bread ration      |     1 |       |       ||     1
       Beef jerky        |       |     1 |       ||     1
Armor: Animal skin       |    11 |       |       ||    11
       Scale mail        |    21 |    43 |    27 ||    91
       Chain mail        |       |       |    67 ||    67
Dodge: Dodged            |    85 |    47 |    91 ||   223
